 Dungeon Sprint DCSS version 0.19-a0-895-gdbd5520 (webtiles) character file.

57 LORDOFBUTT the Ruffian (level 3, 0/42 HPs)
             Began as a Troll Berserker on July 4, 2016.
             Was a Priest of Trog.
             Drowned by a water elemental (5 damage)
             ... in the Dungeon (Sprint III: "The Ten Rune Challenge").
             The game lasted 00:00:23 (139 turns).

LORDOFBUTT the Ruffian (Troll Berserker)             Turns: 139, Time: 00:00:24

Health: 0/42       AC:  5    Str: 25    XL:     3   Next: 73%
Magic:  2/2        EV: 10    Int:  3    God:    Trog [***...]
Gold:   39         SH:  0    Dex: 10    Spells: 0 memorised, 2 levels left

rFire  . . .     SeeInvis .       - Unarmed
rCold  . . .     Gourm    +     a - +0 animal skin
rNeg   . . .     Faith    .     (no shield)
rPois  .         Spirit   .     (helmet restricted)
rElec  .         Dismiss  .     (no cloak)
rCorr  .         Reflect  .     (gloves unavailable)
SustAt .         Harm     .     (boots unavailable)
MR     .....     NoTele   +     (no amulet)
Stlth  +.........               (no ring)
                                (no ring)

@: engulfed (cannot breathe), not resistant to hostile enchantments, very
unstealthy
A: unfitting armour, claws 3, fast metabolism 3, gourmand, regeneration 2,
shaggy fur 1, tough skin 2
a: Berserk, Trog's Hand, Burn Spellbooks, Renounce Religion


You were in the Dungeon.
You worshipped Trog.
Trog was most pleased with you.
You were not hungry.

You visited 1 branch You collected 39 gold pieces.

Inventory:

Armour
 a - a +0 animal skin (worn)
Scrolls
 h - a scroll of blinking
 j - a scroll of holy word {unknown}
 k - 4 scrolls of remove curse
 o - a scroll of torment {unknown}
 p - a scroll of identify {unknown}
Potions
 c - a potion of curing
 d - a potion of heal wounds
 e - a potion of haste
 f - 2 potions of magic
 g - a potion of berserk rage
 i - 3 potions of mutation {unknown}
 m - a potion of degeneration {unknown}
 n - 3 potions of flight
 q - 2 potions of resistance {unknown}
Comestibles
 b - 2 bread rations
 l - 2 royal jellies


   Skills:
 + Level 5.0 Fighting
 - Level 2.4 Dodging
 + Level 6.0 Unarmed Combat


You had 2 spell levels left.
You didn't know any spells.

Dungeon Overview and Level Annotations

Branches:
Dungeon (1/1)

Altars:


Innate Abilities, Weirdness & Mutations

You are too large for most types of armour.
You have claws for hands.
Your metabolism is lightning-fast.
You like to eat raw meat.
You heal very quickly.
You are covered in fur. (AC +1)
You have very tough skin. (AC +2)


Message History

n - 3 potions of flight (gained 2)
You now have 39 gold pieces (gained 14).
There is an open door here.
You open the door.
A water elemental comes into view.
There is an open door to the Ecumenical Temple here.
The water elemental hits you.
The water elemental engulfs you in water!
You scratch the water elemental.
The water elemental is lightly damaged.
Your lungs strain for air!
The water elemental hits you!
You claw the water elemental!
The water elemental is severely damaged.
Your lungs strain for air!
The water elemental hits you!
* * * LOW HITPOINT WARNING * * *
You barely miss the water elemental.
The water elemental is severely damaged.
You die...

▓▓▓▓▓▓ ▓▓▓ .#...####
##.# .#......#####..#
##.......#..#..#
.##.##...#..#..###+#+###
.##.###..##'#..#........
####.##..###...'@⌠......
##..##..####...#E..#####
....##..###....#.⌠.#
#..##...##.....#...#
..##....#..)...#+###
.###..##.#.....# .# #..
####....# ▓▓ ▓▓▓ ▓▓▓▓▓▓


You could see a water elemental.

Vanquished Creatures
  Crazy Yiuf (D)
  A human (D)
  2 oozes (D)
  2 rats (D)
6 creatures vanquished.

Vanquished Creatures (others)
  A draconian scorcher (D)
  A yaktaur (D)
  4 hellions (D)
  A plant (D)
7 creatures vanquished.

Grand Total: 13 creatures vanquished

Notes
Turn   | Place    | Note
-------+----------+-------------------------------------------
     0 | D        | LORDOFBUTT the Troll Berserker began the quest for the Orb.
     0 | D        | Reached XP level 1. HP: 22/22 MP: 0/0
    12 | D        | Reached ** piety under Trog
    12 | D        | Reached skill level 4 in Unarmed Combat
    12 | D        | Reached XP level 2. HP: 21/31 MP: 1/1
    41 | D        | Noticed Crazy Yiuf
    45 | D        | Killed Crazy Yiuf
    45 | D        | Reached skill level 5 in Unarmed Combat
    45 | D        | Reached XP level 3. HP: 17/40 MP: 0/2
    53 | D        | Reached *** piety under Trog
    53 | D        | Reached skill level 5 in Fighting
    53 | D        | Reached skill level 6 in Unarmed Combat
    64 | D        | Killed a hellion
    84 | D        | Killed a yaktaur
    94 | D        | Killed a hellion
   119 | D        | Killed a hellion
   128 | D        | Killed a hellion
   135 | D        | Noticed a water elemental
   138 | D        | Killed a white draconian scorcher
   139 | D        | Drowned by a water elemental

Vault maps used:
D:        dungeon_sprint_mu

Skill      XL: |  1  2  3 |
---------------+----------+-----
Fighting       | 3 4 5 |  5.0
Unarmed Combat | 4 5 6 |  6.0
Dodging        | |  2.4

Action                   || total
-------------------------++-------
Melee: Unarmed           ||    20
Armor: Animal skin       ||     5
Dodge: Dodged            ||     4
